 Dungeon Crawl Stone Soup version 0.31.0-1-g2c135a008e (webtiles) character file.

Game seed: 2710989595075525590

832 qw the Shooter (level 8, -7/58 HPs)
             Began as a Djinni Hunter on Jan 23, 2024.
             Mangled by an ogre
             ... wielding a +0 giant club
              (21 damage)
             ... on level 5 of the Dungeon.
             The game lasted 00:00:12 (2861 turns).

qw the Shooter (Djinni Hunter)                      Turns: 2861, Time: 00:00:12

Health: -7/58      AC:  5    Str: 10    XL:     8   Next: 18%
Gold:   303        EV: 12    Int: 11    God:
                   SH:  0    Dex: 19

rFire   + + .        b - +1 longbow (flame)
rCold   + . .        (shield currently unavailable)
rNeg    + . .        m - +0 ring mail
rPois   inf          (no helmet)
rElec   .            (no cloak)
rCorr   .            (no gloves)
SInv    .            (boots unavailable)
Will    .....        d - amulet of Marukhae {Acrobat rPois rN+ Will-}
Stlth   +            l - ring of protection from cold
HPRegen 0.29/turn    g - ring of protection from cold
MPRegen 0.00/turn

%: acrobat, infuse magic (-8 HP)
@: on fire, about to teleport, flying, glowing
A: sickness immunity, fire resistance 2, cold vulnerability 1, float, innate
caster, HP casting, extra vitality 1
a: no special abilities


You were on level 5 of the Dungeon.
You visited 1 branch of the dungeon, and saw 5 of its levels.

You collected 303 gold pieces.


Innate Abilities, Weirdness & Mutations

You are immune to sickness and miasma.
You are immune to poison.
Your flesh is very heat resistant. (rF++)
You are vulnerable to cold. (rC-)
You float through the air rather than walking.
You learn spells naturally, not from books.
Your magical power is your life essence.
You have superior vitality. (+4 MHP)


   Skills:
 - Level 4.9 Fighting
 + Level 6.2 Ranged Weapons
 - Level 1.2 Armour
 - Level 4.1 Dodging
 - Level 0.7 Stealth


You knew the following spells:

 Your Spells              Type           Power      Damage    Failure   Level
a - Necrotise             Necr           0%         1d4       65%         1
b - Momentum Strike       Conj/Tloc      0%         3d8       80%         2
c - Passwall              Erth           0%         N/A       95%         3
Your spell library was empty.

Inventory:

Hand Weapons
 b - a +1 longbow of flaming (weapon)
Armour
 m - a +0 ring mail (worn)
Jewellery
 d - the amulet of Marukhae (around neck) {Acrobat rPois rN+ Will-}
   (You acquired it on level 1 of the Dungeon)

   [amulet of the acrobat]

   Acrobat:   It increases your evasion while moving and waiting.
   rPois:     It protects you from poison rN+: It protects you from negative
   energy.
   Will-:     It decreases your willpower.
 g - a ring of protection from cold (right hand)
 l - a ring of protection from cold (left hand)
 Y - a ring of protection from fire
Wands
 c - a wand of flame (15)
 f - a wand of polymorph (10)
Scrolls
 e - a scroll of fog {unknown}
 i - a scroll of teleportation
Potions
 a - a potion of cancellation
 h - a potion of might {unknown}
 k - a potion of heal wounds {unknown}

Dungeon Overview and Level Annotations

Branches:
Dungeon (5/15)
 Temple: D:4-7

Altars:
Qazlal

Portals:
Abyss: D:4

Annotations:
D:4 1 runed translucent door, 2 transporters, Crazy Yiuf; qw's ghost, amateur GrHu


Message History

You shoot an arrow. The arrow closely misses the orc.
The arrow hits the bombardier beetle but does no damage.
The orc misses you.
The orc hits you with a +0 short sword of speed.
You shoot an arrow. The arrow hits the orc!
The arrow burns the orc.
You kill the orc!
The bombardier beetle sprays incendiary fluid at you.
The burning spray hits you.
You are covered in liquid fire!
You shoot an arrow.
The arrow barely misses the bombardier beetle.
The arrow hits the ogre!
The arrow burns the ogre.
The ogre is heavily wounded.
The liquid fire burns you!
You shoot an arrow.
The arrow closely misses the bombardier beetle.
The arrow hits the ogre!
The arrow burns the ogre.
The ogre is almost dead.
The liquid fire burns you! The bombardier beetle bites you.
You shoot an arrow.
The arrow hits the bombardier beetle but does no damage.
The liquid fire burns you!
The bombardier beetle bites you but does no damage.
You shoot an arrow. The arrow hits the bombardier beetle!
The arrow burns the bombardier beetle.
The bombardier beetle is severely wounded.
The liquid fire burns you!
The bombardier beetle barely misses you.
You shoot an arrow. The arrow hits the bombardier beetle!
The arrow burns the bombardier beetle.
You kill the bombardier beetle!
The liquid fire burns you!
The ogre hits you with a +0 giant club!!
2861 ||| READING 2 scrolls of teleportation.
As you read the scroll of teleportation, it crumbles to dust.
You feel strangely unstable. The liquid fire burns you!
The ogre hits you with a +0 giant club!!
You die...

##....#####.......##....#
####.# #.}.<...#<.####
#.## ##.........##
#..###......}..##
##.....##...#..#
####(.###.##..#
#..###.##.## ##.........#
#######@#..# #O##.... #)#
####. #$# ..# .## . ..


You could see an ogre.

Vanquished Creatures
  Sigmund (D:4)
  2 phantoms
  A scorpion (D:5)
  2 bombardier beetles
  A jelly (D:5)
  Jessica (D:2)
  Natasha (thrice) (D:4)
  An iguana (D:5)
  3 orc wizards
  9 adders
  A ribbon worm (D:2)
  2 dart slugs
  5 orcs
  13 endoplasms
  4 giant cockroaches
  A goblin (D:1)
  8 hobgoblins
  3 jackals (D:2)
  6 quokkas
  8 ball pythons
  4 bats
  2 frilled lizards (D:3)
  6 kobolds
  2 rats (D:1)
89 creatures vanquished.

Notes
Turn   | Place    | Note
-------+----------+-------------------------------------------
     0 | D:1      | qw the Djinni Hunter began the quest for the Orb.
     0 | D:1      | Reached XP level 1. HP: 18/18 MP: 0/0
     0 | D:1      | 0 ||| qw: Version: 0.3-a-135-gb77e89d
     0 | D:1      | 0 ||| qw: Game counter: 849
     0 | D:1      | 0 ||| qw: Melee chars always use a shield: true
     0 | D:1      | 0 ||| qw: God list: Okawaru
     0 | D:1      | 0 ||| qw: Allow faded altars: false
     0 | D:1      | 0 ||| qw: Do Orc after clearing Dungeon:15 true
     0 | D:1      | 0 ||| qw: Do second Lair branch before Depths: true
     0 | D:1      | 0 ||| qw: Lair rune preference: random
     0 | D:1      | 0 ||| qw: Goals: Normal
     0 | D:1      | 0 ||| PLANNING D:1-11
   156 | D:1      | Reached XP level 2. HP: 23/23 MP: 0/0
   283 | D:1      | Reached XP level 3. HP: 16/28 MP: 0/0
   283 | D:1      | Learned a level 1 spell: Necrotise
   347 | D:1      | Reached skill level 4 in Ranged Weapons
   430 | D:1      | 430 ||| UPGRADING to ring of protection from fire.
   431 | D:1      | 431 ||| UPGRADING to ring of protection from cold.
   648 | D:1      | 648 ||| READING scroll labelled QAAFRU VODYSK.
   648 | D:1      | 648 ||| ENCHANTING +0 shortbow.
   649 | D:1      | 649 ||| READING 2 scrolls labelled ZOLOEKO QULA.
   649 | D:1      | 649 ||| IDENTIFYING scroll labelled EHAICS WYGOVOEM
   649 | D:1      | Identified a scroll of acquirement
   650 | D:1      | 650 ||| READING scroll of acquirement.
   650 | D:1      | 650 ||| ACQUIRING amulet of Marukhae {Acrobat rPois rN+
                  | Will-}
   650 | D:1      | Acquired the amulet of Marukhae {Acrobat rPois rN+ Will-}
   652 | D:1      | 652 ||| UPGRADING to amulet of Marukhae {Acrobat rPois rN+
                  | Will-}.
   657 | D:1      | 657 ||| DROPPING scroll of butterflies.
   683 | D:2      | 683 ||| READING scroll of acquirement.
   683 | D:2      | 683 ||| ACQUIRING +1 longbow of flaming
   683 | D:2      | Acquired a +1 longbow of flaming
   685 | D:2      | 685 ||| SWAPPING to +1 longbow of flaming.
   686 | D:2      | 686 ||| DROPPING +0 shortbow.
   689 | D:2      | Noticed Jessica
   695 | D:2      | Killed Jessica
   696 | D:2      | Reached skill level 3 in Fighting
   696 | D:2      | Reached XP level 4. HP: 25/35 MP: 0/0
  1219 | D:2      | 1219 ||| UPGRADING to +0 ring mail.
  1229 | D:2      | 1229 ||| DROPPING +0 leather armour.
  1230 | D:2      | 1230 ||| UPGRADING to ring of protection from cold.
  1232 | D:2      | 1232 ||| READING scroll of identify.
  1232 | D:2      | 1232 ||| IDENTIFYING green potion
  1233 | D:2      | 1233 ||| READING 2 scrolls labelled QECRAM ZUF.
  1234 | D:2      | 1234 ||| READING 2 scrolls labelled TEKYPRE JINIT.
  1237 | D:2      | 1237 ||| DROPPING scroll of immolation.
  1375 | D:3      | Reached skill level 1 in Armour
  1375 | D:3      | Reached XP level 5. HP: 39/40 MP: 0/0
  1375 | D:3      | Learned a level 2 spell: Momentum Strike
  1479 | D:3      | Noticed a phantom
  1484 | D:3      | Killed a phantom
  1563 | D:3      | Reached XP level 6. HP: 46/46 MP: 0/0
  1565 | D:3      | Reached skill level 5 in Ranged Weapons
  1627 | D:3      | Reached skill level 3 in Dodging
  1833 | D:3      | Found a stormy altar of Qazlal.
  2014 | D:3      | 2014 ||| READING scroll labelled PAF NONIYXUAR.
  2115 | D:3      | 2115 ||| READING 2 scrolls labelled DEIHEJ OMOYST.
  2116 | D:3      | 2116 ||| READING scroll labelled MERATW AVEWNE.
  2117 | D:3      | 2117 ||| DROPPING scroll of noise.
  2128 | D:4      | 2128 ||| STAIRDANCE
  2152 | D:4      | Noticed Sigmund
  2156 | D:4      | 2156 ||| DRINKING viscous pink potion.
  2157 | D:4      | Killed Sigmund
  2158 | D:4      | Reached XP level 7. HP: 43/53 MP: 0/0
  2158 | D:4      | Learned a level 3 spell: Passwall
  2161 | D:4      | 2161 ||| FLEEEEING.
  2162 | D:4      | 2162 ||| FLEEEEING.
  2163 | D:4      | 2163 ||| FLEEEEING.
  2164 | D:4      | 2164 ||| FLEEEEING.
  2166 | D:4      | 2166 ||| FLEEEEING.
  2215 | D:4      | Noticed Natasha
  2218 | D:4      | Killed Natasha
  2219 | D:4      | Noticed Natasha
  2223 | D:4      | Killed Natasha
  2300 | D:4      | Noticed Natasha
  2305 | D:4      | Killed Natasha
  2475 | D:4      | Found a runed translucent door.
  2476 | D:4      | Noticed Crazy Yiuf
  2519 | D:4      | Found a transporter.
  2528 | D:4      | Found a one-way gate to the infinite horrors of the Abyss.
  2528 | D:4      | Noticed qw's ghost (amateur GrHu)
  2538 | D:4      | Found a transporter.
  2696 | D:4      | 2696 ||| READING scroll labelled KUTTIKAISU.
  2724 | D:5      | Entered Level 5 of the Dungeon
  2739 | D:5      | Reached skill level 6 in Ranged Weapons
  2742 | D:5      | Reached XP level 8. HP: 58/58 MP: 0/0
  2860 | D:5      | HP: 14/58 [ogre/+0 giant club (25)]
  2861 | D:5      | 2861 ||| READING 2 scrolls of teleportation.
  2861 | D:5      | Mangled by an ogre

Levels and vault maps discovered:
D:1:      dpeg_arrival_castle, layout_loops_ring, minmay_strange_pillars,
          due_unseen_surprise
D:2:      layout_loops_cross, uniq_jessica
D:3:      layout_basic, mainiacjoe_overflow_paths,
          lemuel_coloured_pillars_altar, grunt_ministairs_15,
          kennysheep_generic_room_4
D:4:      layout_rooms, gammafunk_ghost_abyssal_escape, uniq_natasha,
          uniq_crazy_yiuf_cottage, uniq_sigmund
D:5:      layout_rooms, makhleb_grotto_becter, grunt_ministairs_1

Skill      XL: |  1  2  3  4  5  6  7  8 |
---------------+-------------------------+-----
Ranged Weapons | 4 5 6 |  6.2
Fighting       | 3 4 |  4.9
Armour         | 1 |  1.2
Dodging        | 3 4 |  4.1
Stealth        | |  0.7

Action                     |  1- 3 |  4- 6 |  7- 9 || total
---------------------------+-------+-------+-------++-------
   Fire: Shortbow          |    76 |       |       ||    76
         Longbow           |     6 |    67 |    66 ||   139
    Use: Scroll            |     4 |     6 |     2 ||    12
         Potion            |       |     1 |       ||     1
 Armour: Leather armour    |    25 |     3 |       ||    28
         Ring mail         |       |    21 |    24 ||    45
  Dodge: Dodged            |    28 |    23 |     9 ||    60

Table legend:
 A = Non-vault XP
 B = Vault XP
 C = Vault XP percentage of total XP
 D = Non-vault monster count
 E = Vault monster count
 F = Vault count percentage of total count
                 A         B        C        D         E       F
            +---------+---------+-------+---------+---------+-------
      Total |     781 |     408 |  34.3 |      80 |       9 |  10.1
            +---------+---------+-------+---------+---------+-------
        D:1 |      45 |       0 |   0.0 |      25 |       0 |   0.0
        D:2 |      39 |      37 |  48.7 |      13 |       1 |   7.1
        D:3 |     200 |      54 |  21.3 |      19 |       4 |  17.4
        D:4 |     282 |     261 |  48.1 |      15 |       2 |  11.8
        D:5 |     215 |      56 |  20.7 |       8 |       2 |  20.0
            +---------+---------+-------+---------+---------+-------
